[Event "Khanty-Mansiysk FIDE GP (Women)"]
[Site "Khanty-Mansiysk"]
[Date "2014.04.15"]
[Round "6"]
[White "Muminova, Nafisa"]
[Black "Kosintseva, Tatiana"]
[Result "1-0"]
[ECO "B85"]
[WhiteElo "2321"]
[BlackElo "2496"]
[Annotator "ChessBase Website"]
[PlyCount "59"]
[EventDate "2014.04.09"]
[EventType "tourn"]
[EventRounds "11"]
[EventCountry "RUS"]
[EventCategory "10"]
[SourceTitle "CBM 160"]
[Source "ChessBase"]
[SourceDate "2014.05.15"]
[SourceVersion "1"]
[SourceVersionDate "2014.05.15"]
[SourceQuality "1"]
[TimeControl "40/5400+30:1800+30"]
[WhiteClock "1:30:00"]
[BlackClock "1:30:00"]

1. e4 c5 2. Nf3 d6 3. d4 cxd4 4. Nxd4 Nf6 5. Nc3 e6 6. Be2 Be7 7. O-O O-O 8. f4 a6 9. a4 Nc6 10. Be3 Qc7 11. Kh1 Nxd4 12. Bxd4 (12. Qxd4 Bd7 13. Qd3
Bc6 14. a5 Nd7 15. Bf3 Rac8 16. Rfd1 Rfe8 17. Qe2 Bf8 18. Rd2 g6 19. Qd1 b5 20.
axb6 Nxb6 21. b3 Bb7 22. Na4 Nxa4 23. Rxa4 a5 24. h3 d5 25. exd5 exd5 26. Rd3
Bc6 27. Ra1 Bb5 28. Rxd5 Rxe3 29. Rxb5 Qxf4 30. Rd5 Rce8 31. Rd8 Qg3 32. Rxe8
Rxe8 33. Bd5 Bd6 34. Qg1 Kg7 35. Rf1 f6 36. Rf3 Qh4 37. Rf1 Re2 38. Bc4 Re7 39.
Qf2 Qg5 40. Qd4 Bc7 41. h4 Qe5 {Navara,D (2715)-Bruzon Batista,L (2699)
Linares 2013 1/2-1/2}) 12... Bd7 13. e5 Ne8
$146 (13... dxe5 14. fxe5 Nd5 15. Ne4 b5 16. Bd3 g6 17. Qd2
Kg7 18. Rf3 Nb4 19. Rh3 h5 20. Nf6 Rh8 21. axb5 Bxb5 22. Bxb5 axb5 23. Nxh5+
gxh5 24. Rg3+ Kh7 25. Rf1 f5 26. Qe2 {1-0 (26) Amrein,R (2215)-Csonka,A (2035)
Budapest 1996}) 14. Bd3 Bc6 15. Ne4 {[%emt 0:
07:06] An impressive strike by the lowest rated player! Kosintseva used a
topical line in the Paulsen to gain near equality, but from then on she simply
played badly. Muminova launched a strong attack on the kingside and Black's
dark-square weaknesses could not be fixed. A beautiful mating attack finished
the game off.} Bxe4 16. Bxe4 g6 17. Rf3 d5 18. Bd3 Bc5 19. Bc3 Qe7 20. Qe1 Nc7 21. Qg3 d4 22. Bd2 Nd5 23. f5 $1 exf5 24. Bg5 Qc7 25. Rxf5 $1 Ne3 26. Rf3 Rae8
$2 27. Bf6 Re6 28. Qh4 Rxf6 29. exf6 Re8 30. Bxg6 1-0

[Event "World U16-ch03"]
[Site "Cagnes sur Mer"]
[Date "1977.09.15"]
[Round "8.1"]
[White "Arnason, Jon Loftur"]
[Black "Kasparov, Garry"]
[Result "0-1"]
[ECO "B85"]
[WhiteElo "2440"]
[BlackElo "2323"]
[Annotator "Kasparov,G/Primel,D"]
[PlyCount "80"]
[EventDate "1977.09.08"]
[EventType "swiss"]
[EventRounds "11"]
[EventCountry "FRA"]
[SourceTitle "EXT 2015"]
[Source "ChessBase"]
[SourceDate "2014.11.20"]
[SourceVersion "1"]
[SourceVersionDate "2014.11.20"]
[SourceQuality "1"]
[TimeControl "40/9000:16/5400:0"]

1. e4 c5 {[%emt 2:30:00] Une partie importante pour le russe
qui joue contre le leader du tournoi et il préfère opter pour une sicilienne
plutôt qu'une Caro-Kann qui était son répertoire habituel а l'époque} 2. Nf3 e6
{The shedule for this swiss event was very demanding: A round in the evening,
completion of adjourned games the following morning,the next round in the
evening and so on throughout the tournament without a single free day (
Kasparov Part 1 1975 1985 p 84)} 3. d4 cxd4 4. Nxd4 Nf6 5. Nc3 d6 6. Be2 a6 7. a4 Nc6 8. Be3 Be7 9. O-O O-O 10. f4 Qc7 11. Kh1 Rd8 (11... Re8 {La ligne moderne}) (11... Bd7 $142 {Yudovich: Plus souple})
12. Qe1 (12. Bd3 Nxd4 13. Bxd4 e5 14. Be3 exf4 15. Rxf4 Be6 16. Nd5 $14) 12...
Nxd4 (12... Na5 13. Rd1 Nc4 14. Bc1 Bd7 15. b3 Na5 16. Bb2 Nc6 17. Bf3 Nxd4 18.
Rxd4 Bc6 19. Rd2 Rac8 20. Qe3 b5 21. axb5 axb5 22. Ne2 b4 23. Nd4 Qb6 24. Re1
Bb7 25. Nf5 Qxe3 26. Nxe7+ Kf8 27. Rxe3 Kxe7 28. h3 Ne8 29. Red3 Ba6 30. Rd4
Rb8 31. e5 d5 32. Rxb4 Nc7 33. Rxb8 Rxb8 34. Ba3+ Kd7 35. Rd1 Nb5 36. Bb2 Rc8
37. c4 Nc7 38. cxd5 Nxd5 39. Bxd5 exd5 40. Rxd5+ Ke8 41. Rd6 Bf1 42. Kg1 {
Yanofsky, D-Kotov,A Saltsjobaden 1948 1/2-1/2}) 13. Bxd4 e5 14. fxe5 $146 (14.
Be3 exf4 15. Bxf4 Be6 16. Qg3 Ne8 17. Bh6 Kf8 18. Be3 Bf6 19. Bd3 Kg8 20. Nd5
Bxd5 21. exd5 g6 22. a5 Bxb2 23. Bb6 Qc8 24. Rae1 Be5 25. Rxe5 dxe5 26. Qxe5
Qd7 27. Bxd8 Rxd8 28. c4 Rc8 29. h3 Rc5 30. Re1 Nd6 31. Qf6 Rxa5 32. Re7 Qd8
33. h4 Ra1+ 34. Kh2 {0-1 (34) Klovans,J-Ornstein,A Polanica Zdroj 1975}) (14.
Bg1 $5 exf4 15. a5 Re8 {Illustrant le problème de jouer Rd8} 16.
Bb6) 14... dxe5 15. Be3 Be6 $11 16. Qg3 Qa5 {[%emt 1:56:00]
Le russe est sorti de sa préparation et il commence à réfléchir} 17. Rad1 (
17. Bh6 Ne8) (17. Bg5 Kf8 (17... Rac8 18. Bxf6 Bxf6 19. Rxf6) (17... Kh8 18.
Bxf6 Bxf6 19. Rxf6 gxf6 20. Qh4 Rg8 21. Qxf6+ Rg7 22. Rf1 Rag8 $13) 18. Bxf6
Bxf6 19. Rxf6 $5 gxf6 20. Qf3 $44) 17... Rxd1 $1 18. Rxd1 Rd8
19. Rxd8+ Bxd8 20. Bh6 g6 21. h3 Bb6 22. Be3
Bd4 $1 {[%emt 1:24:00] En cas d'échange des B de cases Noires, les Noirs
auront une très bonne finale avec un bon B} 23. Qf2 Bxe3 24.
Qxe3 Qb4 25. b3 Qd4 $1 $17 26. Qd3 Kg7 {[%csl Gg7,Rh1] Les
Noirs ont le temps d'améliorer la position alors que les pièces Blanches
sont très mal placées} 27. Bf1 Nh5 $36 {[%csl Rc3,Rh1,Gh5] Le Nc3 est
hors-jeu pour défendre l'aile-roi} (27... Qf2 $5) 28. Qf3 Qd2 29. Qd3 Qf2 30.
Kh2 Nf4 31. Qf3 Qxc2 32. Nd5 Bxd5 33. exd5 Qd2 34. Bc4 f5 35. Qg3 h6 36. d6
Qxd6 37. Qc3 Nh5 38. Be2 Nf6 39. Qc8 e4+ 40. Kh1 Qe7 {Après ce gain contre le
leader, G KASPAROV revient а égalité avec ARNASON et WHITEHEAD avec 6,5/8} 0-1

[Event "EU-ch 12th"]
[Site "Aix les Bains"]
[Date "2011.03.22"]
[Round "1"]
[White "Fedorchuk, Sergey A"]
[Black "Petre, Nad Titus"]
[Result "1-0"]
[ECO "B85"]
[WhiteElo "2662"]
[BlackElo "2377"]
[Annotator "Marchand,A/Primel,D"]
[PlyCount "35"]
[EventDate "2011.03.22"]
[EventType "swiss"]
[EventRounds "11"]
[EventCountry "FRA"]
[SourceTitle "CBM 142 Extra"]
[Source "ChessBase"]
[SourceDate "2011.06.27"]
[SourceVersion "1"]
[SourceVersionDate "2011.06.27"]
[SourceQuality "1"]
[TimeControl "40/5400+30:1800+30"]

1. e4 c5 2. Nf3 e6 3. d4 cxd4 4. Nxd4 a6 5. Be2 Nf6 6. Nc3 Qc7 7. O-O Nc6 8.
Be3 Be7 9. f4 d6 10. Kh1 O-O 11. Qe1 (11. a4 Re8 12. Bf3 Rb8 13. g4 Nxd4 14.
Bxd4 e5) 11... Nxd4 12. Bxd4 b5 13. a3 Bb7 (13... Nd7) 14. Qg3 Rad8 (14... Bc6)
15. Bd3 ({RR} 15. Rae1 Rd7 16. Bd3 Re8 17. Nd1 Qd8 18. Qh3 Bf8 19. Qh4 e5 20.
Bc3 Re6 21. fxe5 dxe5 22. Nf2 Bc5 23. Ng4 Nxg4 24. Qxg4 Bd4 25. Bxd4 Rxd4 26.
Re3 Rg6 27. Qe2 Bc8 28. Qf2 Rf6 29. Rf3 Rxf3 {Areshchenko,A (2664)-Rublevsky,S
(2697)/Khanty Mansiysk 2009/CBM 134/1/2-1/2 (62)}) 15... Rd7 16. Rf3 $1 $146 (16. Rae1 Re8 {Anand,V (2803)-Ivanchuk,V (2740) Leon 21st rapid
2008 (2.1) 0-1}) 16... Ne8 $6 (16... g6 17. f5 $36 ) (16... Rc8 ) 17. Qh3 g6 $2 (17... f5) 18. Qxh7+ $1 1-0

[Event "EU-ch 12th"]
[Site "Aix les Bains"]
[Date "2011.03.23"]
[Round "2"]
[White "Swiercz, Dariusz"]
[Black "Rublevsky, Sergei"]
[Result "1/2-1/2"]
[ECO "B85"]
[WhiteElo "2557"]
[BlackElo "2678"]
[Annotator "Mullon,JB/Primel,D"]
[PlyCount "61"]
[EventDate "2011.03.22"]
[EventType "swiss"]
[EventRounds "11"]
[EventCountry "FRA"]
[SourceTitle "CBM 142 Extra"]
[Source "ChessBase"]
[SourceDate "2011.06.27"]
[SourceVersion "1"]
[SourceVersionDate "2011.06.27"]
[SourceQuality "1"]
[TimeControl "40/5400+30:1800+30"]

1. e4 c5 2. Nf3 e6 3. d4 cxd4 4. Nxd4 Nc6 5. Nc3 Qc7 6. Be2 a6 7. O-O Nf6 8.
Be3 Be7 9. f4 d6 10. Kh1 {01h27} O-O 11. Qe1 (11. a4 Bd7 12. Nb3 b6 13. Bf3) (
11. Bf3 Rb8) 11... Nxd4 (11... Bd7 12. Qg3) 12. Bxd4 b5 13. a3 (13. Qg3 Bb7 14.
a3 Bc6 15. Rae1 Qb7 16. Bd3 b4 17. axb4 Qxb4 18. Ne2 Qb7 19. e5 Nh5 (19... dxe5
20. Bxe5 Be4 21. Bxe4 Qxe4 22. Nd4 Qg6 23. f5 $36 ) 20. Qh3) (13.
e5 dxe5 14. Bxe5 Qb6 15. Qg3 Bb7 16. f5 exf5 17. Rxf5 g6 18. Raf1 Ne4 $132 {
Sokolov,A (2605)-Ivanchuk,V (2635) Linares 07th 1989 0-1}) 13... Nd7 {une
ligne secondaire relancée récemment} (13... Bb7 {la grande ligne} 14. Qg3) 14.
Qg3 Bf6 15. Bxf6 Nxf6 16. Bd3 Bb7 17. Rae1 {[%cal Ge4e5] 85"} Rad8 {JB Mullon:
In this position, the sicilian specialist Rublevsky seems to be ok. Two pieces
have disappeared from each camp, and white's attack could become an old dream
if nothing happens quickly} (17... Nd7 18. Nd1 $6 Nc5 19. Nf2 f6
20. c3 e5 $132 {[%emt 0:33:30] Caruana,F (2675)-Van Wely, L (2641)/ Corus Wijk
aan Zee (10)/1/2-1/2}) 18. Qh4 {66"} h6 (18... d5 $5 {Il semble plus sain
d'éviter d'affaiblir la structure de l'aile-roi car après l'arrivée de la R а
l'aile-roi, les Noirs seront sous pression} 19. e5 Ne4 $132) 19. Nd1 Rfe8 20.
Re3 Qc5 21. e5 Nh7 22. Rg3 {30" Une position crittique où les Blancs ont
dépensé une 1/2 а calculer les variantes.} Kh8 23. Ne3 Qd4 $2 24. Rxg7 $6 {
Spectaculaire mais Ng4 donnait une forte attaque aux Blancs} (24. Ng4 $142)
24... Kxg7 25. Ng4 Be4 26. Qxh6+ {09"} Kh8 27. Nf6 Bxd3 28. f5 Bxf5 29. Nxh7 {
05"} Bxh7 30. Qf6+ Kg8 31. Qxf7+ 1/2-1/2

[Event "Cappelle op 32nd"]
[Site "Cappelle la Grande"]
[Date "2016.02.20"]
[Round "9"]
[White "Kravtsiv, Martyn"]
[Black "Castellanos Rodriguez, Renier"]
[Result "1/2-1/2"]
[ECO "B85"]
[WhiteElo "2636"]
[BlackElo "2478"]
[Annotator "Primel,D"]
[PlyCount "95"]
[EventDate "2016.02.13"]
[EventType "swiss"]
[EventRounds "9"]
[EventCountry "FRA"]
[SourceTitle "EXT 2017"]
[Source "ChessBase"]
[SourceDate "2016.10.25"]
[SourceVersion "1"]
[SourceVersionDate "2016.10.25"]
[SourceQuality "1"]
[TimeControl "40/5400+30:1800+30"]
[WhiteClock "0:08:32"]
[BlackClock "0:03:59"]

1. e4 c5 2. Nf3 e6 3. d4 cxd4 4. Nxd4 a6 5. Be2 Nf6 6. Nc3 d6 7. O-O Nc6 8. Be3
Be7 9. f4 O-O 10. Kh1 Bd7 11. Qe1 b5 12. a3 Qb8 13. Bd3 (13. Rd1 Nxd4 14. Bxd4
e5 15. Be3 Bc6 16. Bf3 a5 17. Qg3 Kh8 18. Nd5 Bxd5 19. exd5 Nd7 20. Qh3 f5 21.
g4 Qc8 22. c3 b4 23. axb4 axb4 24. cxb4 e4 25. Bg2 fxg4 26. Qxg4 Nf6 27. Qxc8
Rfxc8 28. Bd4 Rc4 29. Bc3 Rb8 30. Rfe1 Kg8 31. Kg1 h5 32. Kf1 Bd8 33. Re2 Bb6
34. Bxf6 gxf6 35. Rxe4 Rxe4 36. Bxe4 Be3 37. Rd3 Bxf4 38. Rb3 Bxh2 39. b5 Rb6
40. Bf5 Be5 41. Bd7 Bd4 42. Bc6 Rb8 {Lintchevski,D (2554)-Artemiev,V (2671) St
Petersburg 2015 1/2-1/2 (72)}) 13... b4 14. Nxc6 Bxc6 15. axb4 Qxb4 16. Ra3 Qb7
17. Rb3 Qd7 18. Qg3 Kh8 $146 (18... Rab8 19. Rxb8 Rxb8 20. e5 dxe5 21. fxe5 Nh5
22. Qf2 f5 23. exf6 Nxf6 24. b3 Rf8 25. Qe2 Bb4 26. Na4 a5 27. Nb6 Qd6 28. Bg1
Bb7 29. Nc4 Qd5 30. Rf4 Bc3 31. Rf3 Kh8 32. Rf1 e5 33. Qg4 Re8 34. Qh3 Bc8 35.
Qg3 Bb4 36. Qh4 e4 37. Be2 Rf8 38. Rd1 Qe6 39. Bd4 Ba6 40. Ra1 Bxc4 41. Bxc4
Qd6 42. c3 Bc5 43. Bxf6 Qxf6 44. Qxf6 gxf6 45. Rxa5 Bd6 46. Bd5 e3 47. Ra1 Rd8
48. Re1 {Hudak,D (2299)-Reis,C (2386) ICCF email 2012 1/2-1/2 (74)}) 19. Bd4 a5
20. e5 dxe5 21. Bxe5 a4 22. Rb6 a3 23. bxa3 Rxa3 24. f5 Ra5 25. Rd1 Rfa8 26. h3
Qc8 27. fxe6 fxe6 28. Rdb1 Ra1 29. Kh2 Rxb1 30. Rxb1 Qf8 31. Rb6 Rc8 32. Ba6
Bc5 33. Bxc8 Bxb6 34. Bxe6 Qc5 35. Ne2 Nh5 36. Qc3 Qb5 $2 37. Nf4 $4 $138 (37.
Bg4 $8 ) 37... Qf1 38. Bxg7+ Nxg7 39. Qf6 Qg1+ 40. Kg3 Qe3+
41. Kg4 Qc5 (41... Bc5 $19 ) 42. h4 Bc7 43. Qf7 Nxe6 44. Nxe6 Qc4+
45. Kh3 Qc3+ 46. Kg4 Qc4+ 47. Kh3 Qc3+ 48. Kg4 1/2-1/2

[Event "Cappelle op 31st"]
[Site "Cappelle la Grande"]
[Date "2015.03.06"]
[Round "8"]
[White "Djukic, Nikola"]
[Black "Fier, Alexandr"]
[Result "0-1"]
[ECO "B85"]
[WhiteElo "2529"]
[BlackElo "2612"]
[Annotator "RR"]
[PlyCount "74"]
[EventDate "2015.02.28"]
[EventType "swiss"]
[EventRounds "9"]
[EventCountry "FRA"]
[SourceTitle "EXT 2016"]
[Source "ChessBase"]
[SourceDate "2015.10.08"]
[SourceVersion "1"]
[SourceVersionDate "2015.10.08"]
[SourceQuality "1"]
[TimeControl "40/5400+30:1800+30"]

1. e4 c5 2. Nf3 e6 3. d4 cxd4 4. Nxd4 Nc6 5. Nc3 a6 6. Be2 (6. Nxc6) 6... d6 7. O-O Nf6 8. Be3 Be7 9. f4 O-O 10. Kh1 Bd7 {[%emt 0:00:38][%cal
Gc6d4,Gd7c6] La vieille ligne de la Sheveningen} (10... Qc7) 11. a4 {[%emt 0:
07:35] Les Blancs ont été un peu surpris par le choix de la varainte Bd7 et
ils commencent à réfléchir} (11. Nb3) 11... Rc8 (11... Nxd4
12. Bxd4 Bc6) 12. Bf3 (12. Qe1 d5 13. e5 Ne4 14. Nxe4 dxe4 15.
c3 Nxd4 16. Bxd4 Bc5 17. Bxc5 Rxc5 18. b4 Rc8 19. Rd1 Qc7 20. b5 axb5 21. axb5
Rfd8 22. c4 Be8 23. Qf2 f6 24. exf6 gxf6 25. Rxd8 Rxd8 26. c5 f5 27. Bc4 Bf7
28. h3 Rc8 29. c6 bxc6 30. b6 Qe7 31. Qb2 Rb8 32. Ra1 Qc5 33. b7 Qxc4 34. Qe5
Rxb7 35. Ra8+ Be8 36. Rxe8+ Kf7 37. Rh8 Qb5 38. Qd6 Qb4 39. Qd8 Qb2 40. Rf8+
Kg7 41. Rg8+ {1-0 (41) Adams,M (2734)-Ivanchuk,V (2775) Porto Carras 2011})
12... Na5 13. Qe1 (13. e5 Ne8)
13... Nc4 14. Bc1 Qb6 15.
Nde2 Qc7 16. b3 {[%emt 0:03:22] Chasse le N
mais affaiblit un peu l'aile-dame} Na5 17. Qg3 Nc6 18. Ba3 $6 (18. Bb2) 18... e5 19. Nd1 $6 Rfe8 $11 20. Bb2 Nb4 $1 {[%emt 0:04:30][%csl Rc2] Les Blancs n'ont rien obtenu
à l'aile-roi et les affaiblissements de l'aile-dame commencent à payer.} 21.
fxe5 dxe5 22. Bxe5 Qxc2 $17 23. Ne3 {[%emt 0:02:25] Les Blancs doivent tenter une attaque
à l'aile-roi car stratégiquement la partie est perdante} Qxb3 {[%emt 0:02:42]
[%csl Ra4] L'aile-dame des Blancs est en lambeaux} 24. Nd5 Nbxd5 25. exd5 Bd8 $1 26. Rfb1 Qe3 27. Bd4 Qd3 28. Be5 Rc2 29.
Rxb7 $13 g6 30. Nd4 Ra2 $1 31. Rg1 Qe3 32. Rb8
$2 Rxe5 33. Rxd8+ Kg7 34. Nc6 Rf5 35. Qd6 Be8 36. Rf1 Ne4 37.
Rxe8 Nf2+ 0-1